cohdb
Replays
Latest Replays
All Replays
Popular Replays
Top Player Replays
Match Explorer
How It Works
Community
CoH3 Stats
Reddit
Sign in to upload your games and track your stats! →
Sign in with Steam
Match 45249750
Unlisted
Match 45249750
Overview
Messages
Build Orders
End
Kettenkrad Recon Vehicle
Construct Infanterie Kompanie
Selects Terror Battlegroup
Selects Machine Gun Camouflage
MG 42 Machine Gun Team
Grenadier Squad
Grenadier Squad
Construct Luftwaffe Kompanie
Grenadier Squad
Medical Station
anioki
KellySlayer
wfp536
박시진\
Ming Empire
我是人参果
Kim
丛雨丛雨丛
0
0
Comments
sign in to comment!
No comments posted yet!